 Dungeon Crawl Stone Soup version 0.25-a0-930-g9f5dfa9815 (webtiles) character file.

Game seed: 289759163162152369, levelgen mode: deterministic

72 Hasart the Insei (level 4, -5/29 HPs)
             Began as an Octopode Transmuter on May 3, 2020.
             Killed from afar by an orc wizard (7 damage)
             ... with a puff of flame
             ... on level 3 of the Dungeon.
             The game lasted 00:03:16 (2110 turns).

Hasart the Insei (Octopode Transmuter)              Turns: 2110, Time: 00:03:17

Health: -5/29      AC:  1    Str:  9    XL:     4   Next: 26%
Magic:  7/7        EV: 14    Int: 16    God:
Gold:   93         SH:  0    Dex: 12    Spells: 6/7 levels left

rFire    . . .     SeeInvis .     - Unarmed
rCold    . . .     Gourm    .   (no shield)
rNeg     . . .     Faith    .   (helmet restricted)
rPois    .         Spirit   .   (no amulet)
rElec    .         Reflect  .   (no ring)
rCorr    .         Harm     .   (no ring)
MR       .....                  (no ring)
Stlth    ++........             (no ring)
HPRegen  0.09/turn              (no ring)
MPRegen  0.10/turn              (no ring)
                                (no ring)
                                (no ring)

@: no status effects
A: almost no armour, stealthy swim, amphibious, 8 rings, constrict 8, camouflage
1, gelatinous body 1
a: no special abilities


You were on level 3 of the Dungeon.
You were not hungry.

You visited 1 branch of the dungeon, and saw 3 of its levels.

You collected 93 gold pieces.

Inventory:

Missiles
 a - 41 arrows
Scrolls
 b - a scroll of amnesia {unknown}
 f - 3 scrolls of identify {unknown}
 i - a scroll of enchant weapon {unknown}
 j - a scroll of teleportation {unknown}
Potions
 d - a potion of flight {unknown}
 e - 3 potions of curing {unknown}
 h - a potion of magic {unknown}
Comestibles
 c - 5 rations
 g - 6 chunks of flesh


   Skills:
 + Level 1.8 Fighting
 + Level 2.6 Dodging
 * Level 3.8 Unarmed Combat
 - Level 2.0 Spellcasting
 + Level 2.6 Transmutations


You had 6 spell levels left.
You knew the following spells:

 Your Spells              Type           Power        Failure   Level  Hunger
a - Beastly Appendage     Tmut           ##....       7%          1    #......

Your spell library contained the following spells:

 Spells                   Type           Power        Failure   Level  Hunger
 Sticks to Snakes         Tmut           ##......     11%         2    ###....
 Spider Form              Tmut/Pois      #.........   36%         3    ###....
 Ice Form                 Ice/Tmut       #.......     77%         4    #####..
 Blade Hands              Tmut           ##........   89%         5    ######.


Dungeon Overview and Level Annotations

Branches:
Dungeon (2/15)

Altars:
Qazlal


Innate Abilities, Weirdness & Mutations

You cannot wear most types of armour.
You are very stealthy in the water. (Stealth+)
You are amphibious.
You can wear up to eight rings at the same time.
You can use your tentacles to constrict eight enemies at once.
Your skin changes colour to match your surroundings (Stealth+).
Your rubbery body absorbs attacks. (AC +1, EV +1)


Message History

You hear some strange, mumbled words.
A puff of flame appears from out of thin air!
The puff of flame hits you!
You see here a +0 falchion.
Something hits you.
* * * LOW HITPOINT WARNING * * *
You closely miss something.
You hear a shout!
Something hits you.
* * * LOW HITPOINT WARNING * * *
You closely miss something. Something closely misses you.
You tentacle-slap something. Something hits you.
* * * LOW HITPOINT WARNING * * *
You miss something. You squeeze something!
Something hits you but does no damage.
You closely miss something.
You hear some strange, mumbled words.
A puff of flame appears from out of thin air!
The puff of flame hits you!
You die...

## #. #. #. #.## #
#@####.#####
##)..[......
##.##..)... .#
##........ #. #.##
##.######## #.
#.###..#
###.####..#.#.## #
..........#...###...
#.#...............#


There were no monsters in sight!

Vanquished Creatures
  A gnoll (D:1)
  An adder (D:2)
  A dart slug (D:1)
  2 worms (D:2)
  3 leopard geckos
  An orc (D:3)
  A giant cockroach (D:1)
  9 goblins
  3 hobgoblins (D:1)
  7 jackals
  3 kobolds (D:1)
  A ball python (D:2)
  3 bats
  2 frilled lizards (D:1)
  A rat (D:1)
39 creatures vanquished.

Notes
Turn   | Place    | Note
-------+----------+-------------------------------------------
     0 | D:1      | Hasart the Octopode Transmuter began the quest for the Orb.
     0 | D:1      | Reached XP level 1. HP: 13/13 MP: 3/3
   162 | D:1      | Reached XP level 2. HP: 15/18 MP: 5/5
   594 | D:1      | Reached XP level 3. HP: 13/23 MP: 4/6
  1648 | D:2      | Found a stormy altar of Qazlal.
  1969 | D:2      | Reached XP level 4. HP: 27/29 MP: 7/7
  2070 | D:2      | You fall into a shaft and drop 1 floor!
  2088 | D:3      | Found a faded altar of an unknown god.
  2110 | D:3      | Killed from afar by an orc wizard

Levels and vault maps discovered:
D:1:      lemuel_arrival_behind_the_door_large, layout_basic, minivault_11
D:2:      layout_loops_cross, overflow_temple_1_default,
          kennysheep_generic_room_6
D:3:      layout_loops_ring, gammafunk_temple_overflow_statue,
          chequers_ecumenical_altar_simple, ebering_ghost_sewer_d,
          small_statue_intersection, led_xom_imps

Action                   |  1- 3 |  4- 6 || total
-------------------------+-------+-------++-------
Melee: Unarmed           |    92 |    17 ||   109
       Constrict         |    25 |     3 ||    28
       Tentacles         |    15 |     3 ||    18
       Punch             |     1 |       ||     1
       Kick              |     1 |       ||     1
 Cast: Beastly Appendage |     2 |       ||     2
 Stab: Sleeping          |     7 |       ||     7
  Eat: Chunk             |     3 |     1 ||     4
Armor: Skin              |     4 |     1 ||     5
Dodge: Dodged            |    49 |    10 ||    59

Table legend:
 A = Non-vault XP
 B = Vault XP
 C = Vault XP percentage of total XP
 D = Non-vault monster count
 E = Vault monster count
 F = Vault count percentage of total count
                 A         B        C        D         E       F
            +---------+---------+-------+---------+---------+-------
      Total |      86 |      18 |  17.3 |      36 |       3 |   7.7
            +---------+---------+-------+---------+---------+-------
        D:1 |      65 |       0 |   0.0 |      28 |       0 |   0.0
        D:2 |      18 |      18 |  50.0 |       7 |       3 |  30.0
        D:3 |       3 |       0 |   0.0 |       1 |       0 |   0.0
            +---------+---------+-------+---------+---------+-------
